 Dungeon Crawl Stone Soup version 0.27-a0-1119-gbf574a6a6b (webtiles) character file.

Game seed: 12870643939302672325

510 jasper the Slasher (level 6, -4/70 HPs)
             Began as a Demonspawn Delver on May 2, 2021.
             Was a Priest of Lugonu.
             Slain by a killer bee (6 damage)
             ... on level 7 of the Dungeon.
             The game lasted 00:08:57 (4829 turns).

jasper the Slasher (Demonspawn Delver)              Turns: 4829, Time: 00:08:58

Health: -4/70      AC: 23    Str: 13    XL:     6   Next: 98%
Magic:  9/9        EV:  2    Int: 11    God:    Lugonu [***...]
Gold:   134        SH:  0    Dex: 16    Spells: 5/5 levels left

rFire    + . .     SeeInvis .   a - +1 falchion
rCold    . . .     Faith    .   (no shield)
rNeg     + + +     Spirit   .   (armour currently unavailable)
rPois    +         Reflect  .   (helmet currently unavailable)
rElec    .         Harm     .   (cloak currently unavailable)
rCorr    .         Rampage  .   (gloves currently unavailable)
Will     .....     NoTele   +   (boots currently unavailable)
Stlth    +++.......             (no amulet)
HPRegen  0.21/turn              v - ring of protection from fire
MPRegen  0.11/turn              (no ring)

@: lethally poisoned (-4 -> -7), tree-form
A: stationary, stasis, torment immunity, boosted hp, (horns 2), demonic guardian
1, (sharp scales 2)
a: Renounce Religion, Depart the Abyss, Bend Space, Banish


You were on level 7 of the Dungeon.
You worshipped Lugonu.
Lugonu was most pleased with you.
You were a tree.
You visited 1 branch of the dungeon, and saw 9 of its levels.

You collected 288 gold pieces.
You spent 154 gold pieces at shops.

Inventory:

Hand Weapons
 a - a +1 falchion (weapon)
 t - a +0 dagger of freezing
Missiles
 f - 8 boomerangs
 h - 10 poisoned darts
 m - 98 stones (quivered)
 s - 2 javelins
 u - 3 curare-tipped darts
Armour
 b - a +0 leather armour
 i - a +0 cloak (melded)
 k - a +1 ring mail of fire resistance (melded)
 p - a +0 helmet
Jewellery
 v - a ring of protection from fire (left branch)
 w - an amulet of guardian spirit
Wands
 g - a wand of digging (3)
Scrolls
 c - 2 scrolls of fog
 d - a scroll of magic mapping
 e - a scroll of fear
 l - 5 scrolls of teleportation
 q - a scroll of enchant weapon
Potions
 j - 2 potions of attraction
 n - a potion of degeneration


   Skills:
 - Level 3.0 Fighting
 - Level 6.0 Long Blades
 - Level 1.7 Dodging
 - Level 4.5 Stealth
 + Level 4.8 Invocations


You had 5 spell levels left.
You didn't know any spells.
Your spell library was empty.

Dungeon Overview and Level Annotations

Branches:
Dungeon (9/15)
 Temple: D:4-7         Lair: D:8-11         Orc: D:9-12

Altars:
Ru
Trog
Xom
Lugonu

Shops:
D:4 ?

Portals:
Abyss: D:5

Annotations:
D:2 1 runed translucent door, Crazy Yiuf
D:5 1 transporter


Innate Abilities, Weirdness & Mutations

You are a tree.
Your roots penetrate the ground, keeping you stationary.
You cannot be teleported.
You are immune to unholy pain and torment.
Your maximum health is greatly increased.
Your equipment is partially melded.
((You have a pair of horns on your head.))
A weak demonic guardian rushes to your aid.
((You are mostly covered in razor-sharp scales. (AC +2, Slay +2)))


Message History

You take 4 damage, and have 14/47 hp.
* * * LOW HITPOINT WARNING * * *
You feel very sick.
There is a stone staircase leading up here.
You take 3 damage, and have 11/47 hp.
You feel a little less mighty now.
* * * LOW HITPOINT WARNING * * *
You feel sick. The killer bee closely misses you.
The killer bee stings you but does no damage.
The killer bee misses you.
You riposte.
You hit the killer bee.
The killer bee is moderately wounded.
The killer bee barely misses you.
You climb upwards.
* * * LOW HITPOINT WARNING * * *
You feel very sick.
There is a stone staircase leading down here.
You take 4 damage, and have 7/47 hp.
It was a potion of lignification.
You turn into a tree.
Your +0 cloak melds into your body.
Your +1 ring mail of fire resistance melds into your body.
You feel less resistant to fire.
Your roots penetrate the ground.
You feel sick.
The killer bee stings you but does no damage. x3
The killer bee stings you.
* * * LOW HITPOINT WARNING * * *
A demonic guardian appears!
You now have 6/70 hp.
You closely miss the killer bee.
The killer bee is moderately wounded.
You feel sick. The killer bee barely misses you.
The killer bee completely misses you.
You riposte.
You hit the killer bee.
The killer bee is moderately wounded.
The killer bee barely misses you.
The killer bee stings you but does no damage.
You miss the killer bee.
The killer bee is moderately wounded.
You feel sick. The killer bee stings you.
* * * LOW HITPOINT WARNING * * *
The killer bee stings you.
You die...

....#####
..#.#..
.......<.
# #.....
.########
.. #.#...
.##.#..#
......#
#....#
#.y..#
#5y♣.#
.......#.#
...##.# .#
. +.. .#
## ##


You could see 2 killer bees and a friendly iron imp (summoned).

Vanquished Creatures
  A steam dragon (D:8)
  A sky beast (D:8)
  A scorpion (D:4)
  A water moccasin skeleton (D:5)
  A bullfrog zombie (D:7)
  A hound (D:7)
  A jelly (D:4)
  2 adders
  A worm (D:3)
  6 dart slugs
  An orc (D:3)
  7 ball pythons
  5 endoplasms
  2 giant cockroaches
  6 hobgoblins
  2 quokkas
  3 bats
  4 frilled lizards
  8 goblins
  6 kobolds
  6 rats
66 creatures vanquished.

Vanquished Creatures (others)
  2 fungi (D:6)
2 creatures vanquished.

Grand Total: 68 creatures vanquished

Notes
Turn   | Place    | Note
-------+----------+-------------------------------------------
     0 | D:5      | jasper the Demonspawn Delver began the quest for the Orb.
     0 | D:5      | Reached XP level 1. HP: 18/18 MP: 1/1
   155 | D:4      | Noticed a scorpion
   176 | D:4      | Reached skill level 2 in Long Blades
   312 | D:2      | Found a faded altar of an unknown god.
   320 | D:2      | Became a worshipper of Lugonu the Unformed
   320 | D:2      | Reached * piety under Lugonu
   320 | D:2      | Reached ** piety under Lugonu
   351 | D:2      | Gained mutation: You are partially covered in razor-sharp
                  | scales. (AC +1, Slay +1) [demonic ancestry]
   351 | D:2      | Reached XP level 2. HP: 21/24 MP: 2/2
   770 | D:1      | Reached skill level 3 in Long Blades
  1228 | D:1      | Gained mutation: A weak demonic guardian rushes to your
                  | aid. [demonic ancestry]
  1228 | D:1      | Reached XP level 3. HP: 29/29 MP: 3/3
  1762 | D:2      | Found a runed translucent door.
  1763 | D:2      | Noticed Crazy Yiuf
  2598 | D:3      | Gained mutation: You are mostly covered in razor-sharp
                  | scales. (AC +2, Slay +2) [demonic ancestry]
  2598 | D:3      | Reached XP level 4. HP: 35/35 MP: 4/4
  2735 | D:3      | Reached skill level 4 in Long Blades
  2956 | D:4      | Found Avvoq's Magic Scroll Shoppe.
  2960 | D:4      | Bought a scroll of teleportation for 42 gold pieces
  2960 | D:4      | Bought a scroll of teleportation for 42 gold pieces
  2960 | D:4      | Bought a scroll of teleportation for 42 gold pieces
  3143 | D:4      | Bought a scroll of fog for 28 gold pieces
  3392 | D:4      | Found a shimmering altar of Xom.
  3816 | D:4      | Killed a scorpion
  3817 | D:4      | Reached skill level 5 in Long Blades
  3817 | D:4      | Gained mutation: You have a pair of small horns on your
                  | head. [demonic ancestry]
  3817 | D:4      | Reached XP level 5. HP: 17/41 MP: 5/5
  4039 | D:5      | Reached *** piety under Lugonu
  4051 | D:5      | Found a bloodstained altar of Trog.
  4124 | D:5      | Noticed an ogre
  4152 | D:5      | Found a transporter.
  4264 | D:5      | Found a one-way gate to the infinite horrors of the Abyss.
  4294 | D:6      | Noticed an ogre
  4294 | D:6      | Noticed a centaur
  4303 | D:6      | Noticed an ice beast
  4385 | D:7      | Gained mutation: You have a pair of horns on your head.
                  | [demonic ancestry]
  4385 | D:7      | Reached XP level 6. HP: 45/47 MP: 6/6
  4414 | D:7      | Found a sacrificial altar of Ru.
  4425 | D:7      | Noticed an orc warrior
  4468 | D:8      | Noticed a steam dragon
  4468 | D:8      | Noticed a sky beast
  4729 | D:9      | Noticed a wyvern
  4792 | D:8      | Killed a sky beast
  4793 | D:8      | Reached skill level 6 in Long Blades
  4821 | D:8      | Killed a steam dragon
  4829 | D:7      | HP: 2/70 [killer bee (3)]
  4829 | D:7      | Slain by a killer bee

Illustrated notes

Levels and vault maps discovered:
D:1:      minmay_arrival_semitransparent, layout_loops_ring,
          amcnicky_mini_corridor_feature
D:2:      layout_loops_ring, shapermc_ecumenical_altar_gd, kennysheep_donut,
          uniq_crazy_yiuf_cottage
D:3:      layout_basic
D:4:      layout_loops_ring, lemuel_doored_altar, serial_shops,
          nicolae_shop_behind_doors
D:5:      layout_rooms, trog_hazing_becter, nicolae_uskayaw_suspiria,
          gammafunk_ghost_abyssal_escape, uniq_edmund
D:6:      layout_basic, fedhas_altar_3, guppyfry_early_elven_hall
D:7:      layout_basic, nicolae_overflow_hidden_temple,
          nicolae_ru_sacrificial_ziggurat, minmay_temple_entry_nine_rooms,
          uniq_duvessa
D:8:      layout_cave_pods, erik_lair_orcish_takeover, uniq_erica
D:9:      layout_basic, old_standard_altar, serial_ice, serial_ice_a,
          serial_ice_c, serial_ice_d, serial_ice_f, serial_ice_h,
          kennysheep_another_room

Skill      XL: |  1  2  3  4  5  6 |
---------------+-------------------+-----
Long Blades    | 2 3 5 6 |  6.0
Invocations    | 4 |  4.8
Fighting       | |  3.0
Dodging        | |  1.7
Stealth        | |  4.5

Action                   |  1- 3 |  4- 6 || total
-------------------------+-------+-------++-------
Melee: Falchion          |    96 |    50 ||   146
       Headbutt          |       |     6 ||     6
Throw: Stone             |    67 |    84 ||   151
  Use: Scroll            |     5 |     4 ||     9
       Potion            |       |     8 ||     8
 Stab: Sleeping          |     4 |     1 ||     5
Armor: Ring mail         |    34 |    17 ||    51
       Leather armour    |     2 |       ||     2
       Skin              |       |     4 ||     4
Dodge: Dodged            |    50 |    42 ||    92
       Rpst.: Falchion   |    16 |     8 ||    24

Table legend: (Time is in decaauts)
 A = Elapsed time spent in this place.
 B = Non-inter-level travel time spent in this place.
 C = Inter-level travel time spent in this place.
 D = Time resting spent in this place.
 E = Time spent auto-exploring this place.
 F = Levels seen in this place.
 G = Mean time per level.
                   A        B        C        D        E       F      G
               +--------+--------+--------+--------+--------+-----+--------+
         Total |   4844 |   4666 |    178 |    375 |   3419 |   9 |  538.2 |
       Dungeon |   4844 |   4666 |    178 |    375 |   3419 |   9 |  538.2 |
               +--------+--------+--------+--------+--------+-----+--------+

Top non-repeatable levels by time:
     D:4: 1255 daAuts
     D:1: 1049 daAuts
     D:2: 875 daAuts
     D:3: 773 daAuts
     D:5: 364 daAuts
     D:8: 344 daAuts
     D:7: 150 daAuts
     D:6: 26 daAuts
     D:9: 3 daAuts
